 Dungeon Crawl Stone Soup version 0.31.0-11-ge490571c62 (webtiles) character file.

Game seed: 2970314798868113735

11 qw the Shooter (level 2, -1/16 HPs)
             Began as a Deep Elf Hunter on Feb 3, 2024.
             Slain by a goblin
             ... wielding a +0 club
              (4 damage)
             ... on level 1 of the Dungeon.
             The game lasted 00:00:00 (226 turns).

qw the Shooter (Deep Elf Hunter)                     Turns: 226, Time: 00:00:01

Health: -1/16      AC:  3    Str:  8    XL:     2   Next: 13%
Magic:  4/4        EV: 12    Int: 13    God:
Gold:   15         SH:  0    Dex: 18    Spells: 1/1 levels left

rFire   . . .        a - +0 shortbow
rCold   . . .        (shield currently unavailable)
rNeg    . . .        c - +0 leather armour
rPois   .            (no helmet)
rElec   .            (no cloak)
rCorr   .            (no gloves)
SInv    .            (no boots)
Will    .....        (no amulet)
Stlth   ++           (no ring)
HPRegen 0.22/turn    (no ring)
MPRegen 0.09/turn

%: no passive effects
@: no status effects
A: no striking features
a: no special abilities


You were on level 1 of the Dungeon.
You visited 1 branch of the dungeon, and saw 1 of its levels.

You collected 15 gold pieces.


   Skills:
 - Level 1.5 Fighting
 + Level 6.0 Ranged Weapons
 - Level 2.4 Dodging
 - Level 1.2 Stealth


You had one spell level left.
You didn't know any spells.
Your spell library was empty.

Inventory:

Hand Weapons
 a - a +0 shortbow (weapon)
Armour
 c - a +0 leather armour (worn)
Scrolls
 b - a scroll of butterflies
 d - a scroll of amnesia {unknown}
 e - a scroll of identify {unknown}

Dungeon Overview and Level Annotations

Branches:
Dungeon (1/15)

Altars:


Message History

A goblin comes into view. It is wielding a +0 club. x2
You shoot an arrow. The arrow closely misses the jackal.
The goblin shouts! x2; The jackal barks!
The arrow hits the goblin!
You kill the goblin!
You have reached level 2!
You shoot an arrow. The arrow hits the jackal.
The jackal is severely wounded.
A jackal comes into view.
The jackal bites you. x2; The jackal moves out of view.
You shoot an arrow. The arrow hits the jackal!
You kill the jackal!
Your Ranged Weapons skill increases to level 6!
You shoot an arrow. The jackal barks!
The arrow hits the jackal.
The jackal is almost dead.
You shoot an arrow. The arrow closely misses the jackal.
The arrow barely misses the goblin.
The arrow closely misses the jackal.
The jackal bites you.
The jackal bites you but does no damage.
You shoot an arrow. The arrow barely misses the jackal.
The arrow closely misses the goblin.
The arrow completely misses the jackal.
The jackal barely misses you.
The jackal bites you but does no damage.
You shoot an arrow. The arrow barely misses the jackal.
The jackal bites you.
You shoot an arrow. The arrow barely misses the jackal.
The jackal bites you. The jackal closely misses you.
The jackal barely misses you. x2
You shoot an arrow. The arrow hits the jackal.
You kill the jackal!
The jackal bites you.
You shoot an arrow. The arrow hits the jackal.
The jackal is heavily wounded.
The jackal bites you. The goblin hits you with a +0 club. The jackal bites you.
You shoot an arrow. The arrow hits the jackal.
You kill the jackal!
The goblin hits you with a +0 club.
You die...

#....## ###..##..#..##..
#.....# #...#......#..
###.....#####......##....
.....................#...
..............%..##....##
..................#.....#
........................#
...........g............#
...........%@...........#
....##....%#...........#
.##. #.....#...........#
#.....#...........#
.....####...........#
..... ##########.#.. ....
.#.## )... .. # #


You could see a goblin.

Vanquished Creatures
  An endoplasm (D:1)
  A hobgoblin (D:1)
  6 jackals (D:1)
  A goblin (D:1)
  A rat (D:1)
10 creatures vanquished.

Notes
Turn   | Place    | Note
-------+----------+-------------------------------------------
     0 | D:1      | qw the Deep Elf Hunter began the quest for the Orb.
     0 | D:1      | Reached XP level 1. HP: 12/12 MP: 3/3
     0 | D:1      | 0 ||| qw: Version: 0.3-a-158-g18b3111
     0 | D:1      | 0 ||| qw: Game counter: 4131
     0 | D:1      | 0 ||| qw: Melee chars always use a shield: true
     0 | D:1      | 0 ||| qw: God list: Okawaru
     0 | D:1      | 0 ||| qw: Allow faded altars: false
     0 | D:1      | 0 ||| qw: Do Orc after clearing Dungeon:15 true
     0 | D:1      | 0 ||| qw: Do second Lair branch before Depths: true
     0 | D:1      | 0 ||| qw: Lair rune preference: random
     0 | D:1      | 0 ||| qw: Goals: Normal
     0 | D:1      | 0 ||| PLANNING D:1-11
   217 | D:1      | Reached XP level 2. HP: 16/16 MP: 4/4
   219 | D:1      | Reached skill level 6 in Ranged Weapons
   225 | D:1      | HP: 4/16 [goblin/+0 club (2)]
   226 | D:1      | Slain by a goblin

Levels and vault maps discovered:
D:1:      evilmike_arrival_rings, layout_basic, chequers_serial_rivers_room_b,
          kennysheep_small_spiral, hangedman_decor_points

Skill      XL: |  1  2 |
---------------+-------+-----
Ranged Weapons | 6 |  6.0
Fighting       | |  1.5
Dodging        | |  2.4
Stealth        | |  1.2

Action                     || total
---------------------------++-------
   Fire: Shortbow          ||    28
 Armour: Leather armour    ||    16
  Dodge: Dodged            ||     7

Table legend:
 A = Non-vault XP
 B = Vault XP
 C = Vault XP percentage of total XP
 D = Non-vault monster count
 E = Vault monster count
 F = Vault count percentage of total count
                 A         B        C        D         E       F
            +---------+---------+-------+---------+---------+-------
      Total |      18 |       0 |   0.0 |      10 |       0 |   0.0
            +---------+---------+-------+---------+---------+-------
        D:1 |      18 |       0 |   0.0 |      10 |       0 |   0.0
            +---------+---------+-------+---------+---------+-------
